 Dungeon Crawl Stone Soup version 0.19.4 (webtiles) character file.

273 Jerry the Slasher (level 6, 25/48 HPs)
             Began as a Demonspawn Berserker on Jan 30, 2017.
             Was a Believer of Trog.
             Quit the game on level 3 of the Dungeon.
             The game lasted 00:05:11 (1673 turns).

Jerry the Slasher (Demonspawn Berserker)            Turns: 1673, Time: 00:05:11

Health: 25/48      AC:  7    Str: 21    XL:     6   Next: 2%
Magic:  6/6        EV: 11    Int:  8    God:    Trog [**....]
Gold:   127        SH:  0    Dex: 14    Spells: 0 memorised, 5 levels left

rFire  . . .     SeeInvis .     f - +2 short sword (drain)
rCold  . . .     Gourm    .     h - +0 scale mail
rNeg   . . .     Faith    .     (no shield)
rPois  .         Spirit   .     (helmet restricted)
rElec  .         Reflect  .     y - +0 cloak
rCorr  .         Harm     .     (no gloves)
MR     .....                    (no boots)
Stlth  ..........               (no amulet)
                                (no ring)
                                w - +3 ring of strength

@: mildly poisoned (25 -> 20)
A: antennae 1, claws 1, talons 1, demonic guardian 1
a: Berserk, Trog's Hand, Burn Spellbooks, Renounce Religion


You were on level 3 of the Dungeon.
You worshipped Trog.
Trog was pleased with you.
You were not hungry.

You visited 1 branch of the dungeon, and saw 3 of its levels.

You collected 127 gold pieces.

Inventory:

Hand Weapons
 a - a +0 falchion
 f - a +2 short sword of draining (weapon)
Missiles
 x - 3 poisoned javelins (quivered)
Armour
 b - a +0 animal skin
 h - a +0 scale mail (worn)
 q - a +0 buckler
 y - a +0 cloak (worn)
Jewellery
 w - a +3 ring of strength (left claw)
Scrolls
 d - a scroll of enchant weapon {unknown}
 i - 2 scrolls of enchant armour {unknown}
 j - 2 scrolls of teleportation {unknown}
 k - a scroll of blinking {unknown}
 l - a scroll of immolation {unknown}
 m - 2 scrolls of remove curse {unknown}
 o - a scroll of recharging {unknown}
 s - a scroll of fear {unknown}
 t - 2 scrolls of identify {unknown}
Potions
 e - a potion of might {unknown}
 n - a potion of agility
 u - a potion of brilliance {unknown}
 z - a potion of lignification {unknown}
Comestibles
 c - a bread ration
 g - 5 chunks of flesh
 p - a beef jerky
 r - 2 meat rations
 v - 3 fruits


   Skills:
 + Level 3.7 Fighting
 * Level 4.5 Long Blades
 + Level 3.0 Armour
 + Level 3.1 Dodging


You had 5 spell levels left.
You didn't know any spells.

Dungeon Overview and Level Annotations

Branches:
Dungeon (3/15)

Altars:
Nemelex Xobeh
Ru


Innate Abilities, Weirdness & Mutations

You have a pair of small antennae on your head.
You have sharp fingernails.
You have sharp toenails.
A weak demonic guardian rushes to your aid.


Message History

You feel sick. The adder bites you but does no damage.
You closely miss the adder.
The adder is moderately wounded.
The adder bites you.
You are more poisoned.
The adder poisons you! The adder bites you but does no damage.
You hit the adder but do no damage. You drain the adder!
The adder is severely wounded.
You feel sick. The adder closely misses you.
You hit the adder.
You kill the adder!
Trog accepts your kill.
Your Armour skill increases to level 3!
You have reached level 6!
Your experience leads to an increase in your attributes!
Your base attributes are Str 18, Int 8, Dex 13.
Increase (S)trength, (I)ntelligence, or (D)exterity?
You feel agile.
Your demonic ancestry asserts itself...
Your toenails lengthen and sharpen.
Are you sure you want to abandon this character and quit the game? (Confirm with "yes".)

###########
##########.###..@)......
............[..#########
.#########.###.........
.# #.# #.######## <# #.#
#.# .#########(# #.#
#..........# #.#
#.#######..# #.# #.#
#..<# #.#


There were no monsters in sight!

Vanquished Creatures
  Crazy Yiuf (D:2)
  Jessica (D:2)
  7 adders
  4 worms (D:2)
  2 dart slugs
  3 leopard geckos (D:1)
  13 goblins
  4 hobgoblins
  7 jackals
  4 kobolds (D:1)
  A quokka (D:2)
  4 bats (D:1)
  3 frilled lizards
  2 rats (D:1)
56 creatures vanquished.

Vanquished Creatures (collateral kills)
  Sigmund (D:2)
1 creature vanquished.

Grand Total: 57 creatures vanquished

Notes
Turn   | Place    | Note
-------+----------+-------------------------------------------
     0 | D:1      | Jerry the Demonspawn Berserker began the quest for the Orb.
     0 | D:1      | Reached XP level 1. HP: 18/18 MP: 1/1
    46 | D:1      | Reached skill level 3 in Long Blades
    48 | D:1      | Gained mutation: A weak demonic guardian rushes to your aid. [demonic ancestry]
    48 | D:1      | Reached XP level 2. HP: 13/24 MP: 2/2
   640 | D:1      | Reached XP level 3. HP: 29/29 MP: 3/3
   642 | D:1      | Reached ** piety under Trog
   865 | D:2      | Noticed Jessica
   871 | D:2      | Killed Jessica
   871 | D:2      | Gained mutation: You have a pair of small antennae on your head. [demonic ancestry]
   871 | D:2      | Reached XP level 4. HP: 35/35 MP: 4/4
   963 | D:2      | Noticed Sigmund
   975 | D:2      | Killed Sigmund
   975 | D:2      | Reached skill level 4 in Long Blades
   975 | D:2      | Gained mutation: You have sharp fingernails. [demonic ancestry]
   975 | D:2      | Reached XP level 5. HP: 41/41 MP: 5/5
  1371 | D:2      | Found a runed door.
  1433 | D:2      | Noticed Crazy Yiuf
  1437 | D:2      | Killed Crazy Yiuf
  1537 | D:3      | Found a sparkling altar of Nemelex Xobeh.
  1538 | D:3      | Found a sacrificial altar of Ru.
  1672 | D:3      | Gained mutation: You have sharp toenails. [demonic ancestry]
  1672 | D:3      | Reached XP level 6. HP: 25/48 MP: 6/6
  1673 | D:3      | Quit the game

Skill      XL: |  1  2  3  4  5 |
---------------+----------------+-----
Dodging        | 2 3 |  3.1
Long Blades    | 3 4 |  4.5
Armour         | 2 3 |  3.0
Fighting       | |  3.7

Action                   |  1- 3 |  4- 6 || total
-------------------------+-------+-------++-------
Melee: Falchion          |    15 |       ||    15
       Short sword       |    68 |    57 ||   125
Invok: Berserk           |     1 |     2 ||     3
  Eat: Chunk             |       |     5 ||     5
Armor: Animal skin       |     6 |       ||     6
       Scale mail        |    30 |    18 ||    48
Dodge: Dodged            |    50 |    17 ||    67
       Rpst.: Falchion   |     9 |       ||     9
